 Dungeon Crawl Stone Soup version 0.21.0 (webtiles) character file.

49 tidbits the Sneak (level 3, -6/14 HPs)
             Began as a Felid Earth Elementalist on Jan 6, 2018.
             Was a Follower of Ashenzari.
             Killed by nerve-wracking pain
             ... invoked by Grinder
              (11 damage)
             ... while paralysed by Grinder
             ... on level 3 of the Dungeon.
             The game lasted 00:06:10 (738 turns).

tidbits the Sneak (Felid Earth Elementalist)         Turns: 738, Time: 00:06:10

Health: -6/14      AC:  1    Str:  4 (5)  XL:     3   Next: 51%
Magic:  6/7        EV:  4    Int: 13 (16) God:    Ashenzari [*.....]
Gold:   41         SH:  0    Dex: 20 (21) Spells: 3/6 levels left
                                        Lives:  0   Deaths: 0

rFire    + . .     SeeInvis +     - Unarmed
rCold    + . .     Gourm    .   (shield unavailable)
rNeg     . . .     Faith    .   (armour unavailable)
rPois    +         Spirit   .   (helmet unavailable)
rElec    +         Reflect  .   (cloak unavailable)
rCorr    +         Harm     .   (gloves unavailable)
MR       .....                  (boots unavailable)
Stlth    ++++......             (no amulet)
HPRegen  0.04/turn              (no ring)
MPRegen  0.10/turn              (no ring)

@: paralysed, agile, resistant, very slightly contaminated, invisible, quick
A: very small, no armour, no weapons or thrown items, stealth, claws 1, fangs 3,
see invisible, carnivore, speed 1, shaggy fur 1, slow metabolism 1, sharp paws
a: Curse Item, Scrying, Renounce Religion


You were on level 3 of the Dungeon.
You worshipped Ashenzari.
Ashenzari was aware of your devotion.
You were not hungry.

You visited 1 branch of the dungeon, and saw 3 of its levels.

You collected 41 gold pieces.

Inventory:

Missiles
 b - 159 stones
 l - 41 arrows
Scrolls
 a - a scroll of magic mapping {unknown}
 e - 2 scrolls of teleportation {unknown}
 g - a scroll of identify {unknown}
Potions
 f - 2 potions of degeneration
Books
 d - a book of Geomancy

   Spells                             Type                      Level
   a - Sandblast                      Earth                        1
   b - Passwall                       Transmutation/Earth          2
   c - Stone Arrow                    Conjuration/Earth            3
   d - Petrify                        Transmutation/Earth          4
   e - Lee's Rapid Deconstruction     Earth                        5
Comestibles
 c - 8 rations


   Skills:
 - Level 2.6 Dodging
 + Level 4.4 Stealth
 + Level 2.1 Unarmed Combat
 - Level 2.0 Spellcasting
 - Level 1.1 Transmutations
 - Level 2.6 Earth Magic


You had 3 spell levels left.
You knew the following spells:

 Your Spells              Type           Power        Failure   Level  Hunger
a - Sandblast             Erth           #.....       9%          1    ##.....
p - Passwall              Tmut/Erth      #.........   19%         2    ###....


Dungeon Overview and Level Annotations

Branches:
Dungeon (3/15)

Altars:
Ashenzari

Annotations:
D:3 Grinder


Innate Abilities, Weirdness & Mutations

You cannot wear armour.
You are incapable of wielding weapons or throwing items.
Your paws allow you to move quietly. (Stealth)
You have sharp claws.
You have razor-sharp teeth.
You have supernaturally acute eyesight. (SInv)
You are carnivorous and can eat meat at any time.
You cover ground quickly.
You are covered in fur. (AC +1)
You have a slow metabolism.
Your sharp claws are effective at attacking unaware monsters.


Message History

A kobold comes into view. It is wielding a dagger.
Found 22 arrows.
Found an uncursed hunting sling.
The helpless kobold fails to defend itself.
You claw the kobold!
You kill the kobold!
Found an uncursed ring mail and 10 gold pieces.
l - 41 arrows (gained 22)
b - 148 stones (gained 3)
Things that are here:
an uncursed dagger; a kobold corpse You now have 41 gold pieces (gained 10).
You open the door.
A kobold comes into view.
There is an open door here.
The helpless kobold fails to defend itself.
You claw the kobold!
You kill the kobold!
Found a murky black potion.
m - a murky black potion You open the door.
You can now scry through walls.
There is an open door here.
A worm comes into view.
Found 16 stones.
Casting: Sandblast
Confirm with . or Enter, or press ? or * to list all spells.
Aiming: Sandblast
Press: ? - help, Shift-Dir - straight line, f - worm
Aim: a worm The blast of sand hits the worm.
The worm is moderately wounded.
b - 147 stones
Casting: Sandblast
Confirm with . or Enter, or press ? or * to list all spells.
Aiming: Sandblast
Press: ? - help, Shift-Dir - straight line, f/p - worm
Aim: a worm (moderately wounded)
The blast of sand hits the worm.
The worm is severely wounded.
b - 146 stones
Casting: Sandblast
Confirm with . or Enter, or press ? or * to list all spells.
Aiming: Sandblast
Press: ? - help, Shift-Dir - straight line, f/p - worm
Aim: a worm (severely wounded)
The blast of sand hits the worm.
You kill the worm!
b - 145 stones
Casting: Sandblast
Confirm with . or Enter, or press ? or * to list all spells.
You can't see any susceptible monsters within range! (Use Z to cast anyway.) Unknown command.
You see here a worm corpse.
Found an uncursed ring of see invisible.
b - 161 stones (gained 16)
Found an uncursed plate armour.
Okay, then.
Grinder comes into view.
Okay, then.
It was a potion of degeneration.
There was something very wrong with that liquid.
You feel weakened.
You feel dopey.
You feel clumsy.
It was a potion of magic.
Magic courses through your body.
It was a potion of heal wounds.
You feel much better.
It was a potion of agility.
You feel agile all of a sudden.
It was a potion of resistance.
You feel protected.
It was a potion of invisibility.
You fade into invisibility!
You are very lightly contaminated with residual magic.
Grinder shouts!
Found 14 gold pieces.
Found a stone staircase leading down.
Casting: Sandblast
Confirm with . or Enter, or press ? or * to list all spells.
Aiming: Sandblast
Press: ? - help, Shift-Dir - straight line, f - Grinder
Aim: Grinder The blast of sand hits Grinder.
Grinder is lightly wounded.
b - 160 stones
Casting: Sandblast
Confirm with . or Enter, or press ? or * to list all spells.
Aiming: Sandblast
Press: ? - help, Shift-Dir - straight line, f/p - Grinder
Aim: Grinder (lightly wounded)
The blast of sand hits Grinder.
Grinder is lightly wounded.
b - 159 stones You scratch Grinder but do no damage.
Grinder is lightly wounded.
Grinder gestures at you.
You suddenly lose the ability to move!
Grinder hits you.
You writhe in agony.
* * * LOW HITPOINT WARNING * * *
Grinder gestures at you. Pain shoots through your body!
Ouch! That really hurt!
You die...

#...............#
#...............#
#...............#
#......#####..##
#......# #.##
#......######..#
#....=.....[...##
######..........#
#....@5....#
#...........$
########.....
#..> #.


You could see Grinder.

Vanquished Creatures
  2 worms
  4 dart slugs
  2 leopard geckos
  An orc (D:3)
  2 bats (D:1)
  5 goblins
  A hobgoblin (D:3)
  2 jackals (D:2)
  A quokka (D:2)
  2 frilled lizards (D:2)
  5 kobolds
  6 rats
33 creatures vanquished.

Notes
Turn   | Place    | Note
-------+----------+-------------------------------------------
     0 | D:1      | tidbits the Felid Earth Elementalist began the quest for the Orb.
     0 | D:1      | Reached XP level 1. HP: 7/7 MP: 4/4
   109 | D:2      | Reached skill level 3 in Stealth
   188 | D:2      | Reached skill level 1 in Unarmed Combat
   218 | D:3      | Reached XP level 2. HP: 11/11 MP: 4/6
   233 | D:3      | Learned a level 2 spell: Passwall
   278 | D:2      | Found a shattered altar of Ashenzari.
   284 | D:2      | Became a worshipper of Ashenzari the Shackled
   375 | D:1      | Reached skill level 4 in Stealth
   387 | D:1      | Reached XP level 3. HP: 14/14 MP: 7/7
   628 | D:2      | Reached skill level 2 in Unarmed Combat
   704 | D:3      | Reached * piety under Ashenzari
   723 | D:3      | Noticed Grinder
   736 | D:3      | Paralysed by Grinder for 5 turns
   738 | D:3      | Killed from afar by Grinder

Skill      XL: |  1  2  3 |
---------------+----------+-----
Stealth        | 3 4 |  4.4
Unarmed Combat | 1 2 |  2.1
Dodging        | |  2.6
Spellcasting   | |  2.0
Transmutations | |  1.1
Earth Magic    | |  2.6

Action                   || total
-------------------------++-------
Melee: Unarmed           ||    22
 Cast: Sandblast         ||    33
  Use: Potion            ||     6
 Stab: Sleeping          ||    15
  Eat: Chunk             ||     1
Armor: Skin              ||     3
Dodge: Dodged            ||    11

Table legend:
 A = Turns spent in this place as a percentage of turns spent in the entire game.
 B = Non-inter-level travel turns spent in this place as a percentage of non-inter-level travel turns spent in the entire game.
 C = Inter-level travel turns spent in this place as a percentage of turns spent in this place.
 D = Turns resting spent in this place as a percentage of non-inter-level travel turns spent in this place.
 E = Turns spent auto-exploring this place as a percentage of non-inter-level travel turns spent in this place.
 F = Non-inter-level travel turns spent in this place divided by the number of levels of this place that you've seen.
                   A       B       C       D       E      F
               +-------+-------+-------+-------+-------+----------------------
         Total | 100.0 | 100.0 |   0.0 |   0.0 |   0.0 | 246.0
       Dungeon | 100.0 | 100.0 |   0.0 |   0.0 |   0.0 | 246.0
               +-------+-------+-------+-------+-------+----------------------

Table legend:
 A = Kills in this place as a percentage of kills in entire the game.
 B = Kills by you in this place as a percentage of kills by you in the entire game.
 C = Kills by friends in this place as a percentage of kills by friends in the entire game.
 D = Other kills in this place as a percentage of other kills in the entire game.
 E = Experience gained in this place as a percentage of experience gained in the entire game.
 F = Experience gained in this place divided by the number of levels of this place that you have seen.
                   A       B       C       D       E      F
               +-------+-------+-------+-------+-------+----------------------
         Total | 100.0 | 100.0 |   N/A |   N/A | 100.0 |  23.3
       Dungeon | 100.0 | 100.0 |   N/A |   N/A | 100.0 |  23.3
               +-------+-------+-------+-------+-------+----------------------

Vault maps used:
D:1:      doesnt_arrival_eight_statues
D:2:      cheibrodos_old_hovel, overflow_temple_1_default
D:3:      minmay_misc_feat_enclosed, trog_butcher_becter, uniq_grinder
